 Dungeon Crawl Stone Soup version 0.21.1-1-g345015f (webtiles) character file.

27 Kairos the Shield-Bearer (level 3, 29/29 HPs)
             Began as a Human Fighter on Mar 29, 2018.
             Got out of the dungeon alive.
             The game lasted 00:01:10 (442 turns).

Kairos the Shield-Bearer (Human Fighter)             Turns: 442, Time: 00:01:10

Health: 29/29      AC:  8    Str: 16    XL:     3   Next: 25%
Magic:  3/3        EV:  6    Int: 13    God:
Gold:   28         SH:  9    Dex: 13    Spells: 2/2 levels left

rFire    . . .     SeeInvis .   a - +0 war axe
rCold    . . .     Gourm    .   c - +0 shield
rNeg     . . .     Faith    .   b - +0 scale mail
rPois    .         Spirit   .   (no helmet)
rElec    .         Reflect  .   (no cloak)
rCorr    .         Harm     .   (no gloves)
MR       .....     Clarity  +   (no boots)
Stlth    ..........             (no amulet)
HPRegen  0.09/turn              (no ring)
MPRegen  0.08/turn              (no ring)

@: brilliant
A: slimy green scales 1, clarity, no potion heal 1
a: no special abilities


You escaped.
You were not hungry.

You visited 1 branch of the dungeon, and saw 1 of its levels.

You collected 28 gold pieces.

Inventory:

Hand Weapons
 a - a +0 war axe (weapon)
Armour
 b - a +0 scale mail (worn)
 c - a +0 shield (worn)
Potions
 d - a potion of might
Comestibles
 f - 2 rations


   Skills:
 + Level 3.2 Fighting
 + Level 2.4 Axes
 + Level 3.2 Armour
 + Level 3.3 Shields


You had 2 spell levels left.
You didn't know any spells.

Dungeon Overview and Level Annotations

Branches:
Dungeon (1/15)

Altars:


Innate Abilities, Weirdness & Mutations

You are partially covered in slimy green scales. (AC +2)
You possess an exceptional clarity of mind.
Potions are less effective at restoring your health.


Message History

You feel forgetful for a moment.
As you read the scroll labeled NEIMIJ GAGUSEA, it crumbles to dust.
You feel strangely unstable.
It was a scroll of teleportation.
As you read the scroll labeled FEYNOHUCET, it crumbles to dust.
It is a scroll of identify.
g - a potion of mutation
As you read the scroll labeled QIACOI TAIT, it crumbles to dust.
You assume a fearsome visage.
Nothing appears to happen.
It was a scroll of fear.
It was a potion of curing.
You feel better.
It was a potion of brilliance.
You feel clever all of a sudden.
Your surroundings suddenly seem different.
You feel extremely strange.
Your system partially rejects the healing effects of potions.
Your thoughts seem clearer.
Slimy green scales grow over part of your body.
There is a staircase leading out of the dungeon here.
Are you sure you want to leave the Dungeon?
This will make you lose the game!
You have escaped!

.........###.### #.#####....##...
...........#.### #.#......#.#....
.........#(....###...####.#......
.........##.##..#..### #.###....
.......÷###.###.#..######.###....
......[...÷.................#....
........................)........
..........#############.###......
.........######8@8#####.###......
.........# #.........##.#........
#.......## #.........##..........
........####.........##...###....
#.#..#..##................####...
..........##...............####..
..#.##.#........>.....####......#
....................### ######..
##..#..##.........### ##.


There were no monsters in sight!

Vanquished Creatures
  An ooze (D:1)
  A dart slug (D:1)
  A ball python (D:1)
  A giant cockroach (D:1)
  A goblin (D:1)
  4 hobgoblins (D:1)
  3 kobolds (D:1)
  4 bats (D:1)
  3 frilled lizards (D:1)
  A rat (D:1)
20 creatures vanquished.

Notes
Turn   | Place    | Note
-------+----------+-------------------------------------------
     0 | D:1      | Kairos the Human Fighter began the quest for the Orb.
     0 | D:1      | Reached XP level 1. HP: 18/18 MP: 1/1
    34 | D:1      | Reached XP level 2. HP: 17/24 MP: 2/2
   294 | D:1      | Reached XP level 3. HP: 26/29 MP: 3/3
   419 | D:1      | Gained mutation: Potions are less effective at restoring your health. [potion of mutation]
   419 | D:1      | Gained mutation: You possess an exceptional clarity of mind. [potion of mutation]
   419 | D:1      | Gained mutation: You are partially covered in slimy green scales. (AC +2) [potion of mutation]
   442 | D:$      | Got out of the dungeon alive.

Action                   || total
-------------------------++-------
Melee: War axe           ||    54
  Use: Scroll            ||     4
       Potion            ||     3
Armor: Scale mail        ||    36
Dodge: Dodged            ||    14
Block: Shield            ||    33
